AoeStats
← valodinbooher

Arabia

510016136Analyzed
1v1 RM · 3d ago on Sep 29, 2026· 32m 38s· 2 players
Game mode
Random Map
Map size
Tiny (2 player)
Population
200
Speed
Normal
Resources
Standard
Victory
Conquest
Starting age
Dark Age
Ending age
Imperial Age
RankedLock teamsTeams togetherTeam positionsShared explorationLock speedFull tech treeHidden civsTurbo modeCheats
Victory
Defeat
🇺🇸 Burgundians · United States
619
+17
🇨🇦 Varangians · Canada
647
-17
valodinbooher
7:08 Double-Bit Axe
7:25 Loom
12:54 Feudal Age
11:40 Horse Collar
18:17 Castle Age
17:22 Bow Saw
17:44 Forging
20:27 Iron Casting
23:36 Scale Barding Armor
26:19 Two-Man Saw
26:53 Gold Mining
26:54 Stone Mining
28:16 Cavalier
35:39 Imperial Age
tyler15.adam22
10:19 Feudal Age
12:21 Loom
12:59 Bloodlines
16:24 Scale Barding Armor
17:30 Double-Bit Axe
18:55 Horse Collar
23:30 Castle Age
24:16 Husbandry
24:32 Forging
24:51 Heavy Plow
25:57 Gold Mining
28:41 Wheelbarrow
27:37 Pikeman
30:10 Fervor
30:35 Fletching
31:17 Arson
31:51 Squires
Connection lost

Rejoining the realm…

Still unreachable

The connection could not be restored.

Session expired

The server has moved on; the page needs a fresh start.